 Dungeon Crawl Stone Soup version 0.23.2-1-ga50397a (webtiles) character file.

Game seed: 1132461557893411190

787 XPEneeg3 the Skirmisher (level 7, -1/63 HPs)
             Began as a Hill Orc Fighter on May 18, 2019.
             Was an Initiate of Beogh.
             Slain by a worker ant (4 damage)
             ... on level 4 of the Dungeon.
             The game lasted 00:13:52 (3822 turns).

XPEneeg3 the Skirmisher (Hill Orc Fighter)          Turns: 3822, Time: 00:13:53

Health: -1/63      AC:  8    Str: 21    XL:     7   Next: 87%
Magic:  7/7        EV:  7    Int:  8    God:    Beogh [......]
Gold:   60         SH: 10    Dex: 10    Spells: 6/6 levels left

rFire    . . .     SeeInvis .   y - +1 war axe (flame)
rCold    . . .     Gourm    .   c - +0 shield
rNeg     . . .     Faith    .   b - +0 scale mail
rPois    .         Spirit   .   (no helmet)
rElec    .         Reflect  .   s - +0 cloak
rCorr    .         Harm     .   (no gloves)
MR       .....                  (no boots)
Stlth    ..........             (no amulet)
HPRegen  0.20/turn              (no ring)
MPRegen  0.10/turn              (no ring)

@: no status effects
A: no striking features
a: Renounce Religion


You were on level 4 of the Dungeon.
You worshipped Beogh.
Beogh was noncommittal.
You were not hungry.

You visited 1 branch of the dungeon, and saw 4 of its levels.

You collected 60 gold pieces.

Inventory:

Hand Weapons
 a - a +0 war axe
 r - a +4 flail
 y - a +1 war axe of flaming (weapon)
Missiles
 p - 72 stones
 x - a steel tomahawk
 C - 8 curare-tipped needles (quivered)
Armour
 b - a +0 scale mail (worn)
 c - a +0 shield (worn)
 s - a +0 cloak (worn)
Wands
 z - a wand of iceblast (6)
Scrolls
 g - a scroll of fog {unknown}
 h - 4 scrolls of identify {unknown}
 i - a scroll of fear {unknown}
 j - 3 scrolls of amnesia {unknown}
 k - a scroll of teleportation {unknown}
 l - 6 scrolls of remove curse {unknown}
 m - a scroll of enchant weapon {unknown}
 u - a scroll of blinking {unknown}
 v - a scroll of random uselessness {unknown}
 B - 2 scrolls of enchant armour {unknown}
Potions
 d - a potion of might
 e - a potion of agility {unknown}
 n - a potion of magic {unknown}
 o - 2 potions of curing {unknown}
 q - a potion of lignification {unknown}
 t - a potion of brilliance {unknown}
 w - 2 potions of degeneration {unknown}
Comestibles
 f - 6 rations
 A - 3 chunks of flesh


   Skills:
 + Level 6.2 Fighting
 + Level 4.5(5.2) Axes
 - Level 3.0(3.9) Maces & Flails
 + Level 5.6 Armour
 + Level 5.7 Shields


You had 6 spell levels left.
You didn't know any spells.
Your spell library was empty.

Dungeon Overview and Level Annotations

Branches:
Dungeon (4/15)
 Temple: D:4-7

Altars:
Dithmenos
Makhleb
Vehumet
Yredelemnul
Beogh


Message History

You hit the ogre. You burn the ogre.
The ogre is almost dead.
You hit the hound. You burn the hound. You block the hound's attack.
The hound barely misses you.
The ogre hits you with a +0 giant spiked club!
* * * LOW HITPOINT WARNING * * *
You take 9 damage, and have 3/63 hp.
You slash the ogre! You burn the ogre.
You kill the ogre!
Beogh accepts your kill.
You hit the hound but do no damage. You block the hound's attack.
The hound bites you.
* * * LOW HITPOINT WARNING * * *
Unknown command.
You closely miss the hound.
The hound is heavily wounded.
You hit the worker ant. You burn the worker ant.
The worker ant bites you but does no damage.
You block the hound's attack. The worker ant bites you.
You die...

...............#
....##+#####..>.#
..####........#..#
#.. #.....(.....#
#.##........#
#....#.######.
######........#
#_####....
#.@a......
##.h......
#.###.... #.# ...
#.# . #.# #.# ..#


You could see a hound and a worker ant.

Vanquished Creatures
  The ghost of shugdite the Covert, an amateur GnWn of Okawaru (D:3)
  An orc warrior (D:3)
  2 ogres (D:4)
  An orc priest (D:3)
  A hound (D:4)
  Jessica (D:3)
  Natasha (twice) (D:2)
  8 gnolls
  A howler monkey skeleton (D:4)
  2 adders
  3 worms
  2 dart slugs
  7 leopard geckos
  2 orcs (D:3)
  11 bats
  3 giant cockroaches (D:1)
  9 goblins
  7 hobgoblins
  3 jackals (D:2)
  A quokka (D:3)
  14 frilled lizards
  8 kobolds
  8 rats
98 creatures vanquished.

Vanquished Creatures (others)
  An orc (D:3)
  A bat (D:3)
2 creatures vanquished.

Grand Total: 100 creatures vanquished

Notes
Turn   | Place    | Note
-------+----------+-------------------------------------------
     0 | D:1      | XPEneeg3 the Hill Orc Fighter began the quest for the Orb.
     0 | D:1      | Reached XP level 1. HP: 19/19 MP: 1/1
   101 | D:1      | Reached XP level 2. HP: 27/27 MP: 2/2
   316 | D:1      | Reached skill level 4 in Fighting
   506 | D:1      | Reached XP level 3. HP: 25/33 MP: 3/3
  1588 | D:2      | Reached XP level 4. HP: 38/41 MP: 4/4
  1817 | D:2      | Noticed Natasha
  1822 | D:2      | Killed Natasha
  1822 | D:2      | Reached XP level 5. HP: 47/47 MP: 5/5
  1832 | D:2      | Found a radiant altar of Vehumet.
  2019 | D:2      | Reached skill level 1 in Maces & Flails
  2172 | D:2      | Noticed Natasha
  2182 | D:2      | Killed Natasha
  2518 | D:3      | Noticed Jessica
  2529 | D:3      | Killed Jessica
  2532 | D:3      | Found a shadowy altar of Dithmenos.
  2839 | D:3      | Found a runed translucent gate.
  2839 | D:3      | Found a runed translucent gate.
  2840 | D:3      | Found a runed translucent gate.
  2842 | D:3      | Noticed shugdite's ghost (amateur GnWn)
  2843 | D:3      | Identified the +7 hunting sling of Insufficient Pleasure
                  | {speed, +Blink rC+}
  2845 | D:3      | Found a roughly hewn altar of Beogh.
  3023 | D:3      | Became a worshipper of Beogh the Brigand
  3048 | D:3      | Killed shugdite's ghost
  3048 | D:3      | Reached skill level 5 in Fighting
  3048 | D:3      | Reached skill level 5 in Shields
  3048 | D:3      | Reached XP level 6. HP: 38/56 MP: 6/6
  3147 | D:3      | Noticed an orc warrior
  3154 | D:3      | Killed an orc warrior
  3154 | D:3      | Reached skill level 5 in Armour
  3154 | D:3      | Reached XP level 7. HP: 41/62 MP: 7/7
  3292 | D:3      | Found a burning altar of Makhleb.
  3408 | D:4      | Reached skill level 6 in Fighting
  3804 | D:4      | Found a basalt altar of Yredelemnul.
  3820 | D:4      | HP: 3/63 [ogre/+0 giant spiked club (9)]
  3822 | D:4      | Slain by a worker ant

Skill      XL: |  1  2  3  4  5  6  7 |
---------------+----------------------+-----
Axes           | 3 4 |  4.5
Fighting       | 4 5 6 |  6.2
Shields        | 4 5 |  5.7
Armour         | 4 5 |  5.6
Maces & Flails | 2 3 |  3.0

Action                   |  1- 3 |  4- 6 |  7- 9 || total
-------------------------+-------+-------+-------++-------
Melee: War axe           |   147 |     8 |    55 ||   210
       Flail             |       |   115 |     5 ||   120
Throw: Stone             |       |     5 |       ||     5
Invok: Convert to Beogh  |       |     1 |       ||     1
  Eat: Chunk             |     2 |     5 |     3 ||    10
Armor: Scale mail        |    58 |    53 |    25 ||   136
Dodge: Dodged            |    52 |    31 |    12 ||    95
Block: Shield            |    85 |    62 |    40 ||   187
